 Dungeon Crawl Stone Soup version 0.22-a0-367-gb72a975 (webtiles) character file.

33141 b5mith the Warrior (level 13, -2/195 HPs)
             Began as a Minotaur Berserker on Apr 22, 2018.
             Was a High Priest of Trog.
             Slain by an eight-headed hydra (10 damage)
             ... on level 13 of the Dungeon.
             The game lasted 00:41:51 (14853 turns).

b5mith the Warrior (Minotaur Berserker)            Turns: 14853, Time: 00:41:52

Health: -2/195     AC: 14    Str: 34    XL:     13   Next: 35%
Magic:  4/12       EV: 11    Int:  4    God:    Trog [*****.]
Gold:   337        SH: 12    Dex: 11    Spells: 12/12 levels left

rFire    . . .     SeeInvis .   d - +0 mace
rCold    . . .     Gourm    .   n - +0 shield
rNeg     . . .     Faith    .   r - +0 ring mail
rPois    .         Spirit   .   (helmet restricted)
rElec    .         Reflect  .   X - +0 cloak {MR+}
rCorr    .         Harm     .   Q - +2 pair of gloves
MR       +....                  g - +2 pair of boots
Stlth    ..........             N - amulet of the acrobat
HPRegen  0.42/turn              P - +6 ring of slaying
MPRegen  0.13/turn              l - +3 ring of strength

@: berserking, very quick
A: retaliatory headbutt, horns 2
a: Berserk, Trog's Hand, Brothers in Arms, Renounce Religion


You were on level 13 of the Dungeon.
You worshipped Trog.
Trog was extremely pleased with you.
You were very hungry.

You visited 1 branch of the dungeon, and saw 14 of its levels.
You also visited: Ossuary.

You collected 732 gold pieces.
You spent 395 gold pieces at shops.

Inventory:

Hand Weapons
 b - a +5 great sword
   (You took it off a wight on level 13 of the Dungeon)
 d - a +0 mace (weapon)
 y - a +4 short sword of electrocution
   (You took it off an orc on level 7 of the Dungeon)
 W - a +5 antimagic long sword
   (Trog gifted it to you on level 10 of the Dungeon)
Missiles
 u - 71 sling bullets
Armour
 g - a +2 pair of boots (worn)
   (You found it on level 1 of the Dungeon)
 n - a +0 shield (worn)
   (You took it off a gnoll sergeant on level 11 of the Dungeon)
 r - a +0 ring mail (worn)
   (You found it on level 2 of the Dungeon)
 Q - a +2 pair of gloves (worn)
   (You found it on level 7 of the Dungeon)
 X - a +0 cloak of magic resistance (worn)
   (You took it off Maurice on level 10 of the Dungeon)
Jewellery
 l - a +3 ring of strength (right hand)
   (You took it off an orc on level 4 of the Dungeon)
 B - an uncursed ring of positive energy
   (You found it on level 6 of the Dungeon)
 H - an uncursed ring of stealth
   (You took it off an orc on level 12 of the Dungeon)
 N - an amulet of the acrobat (around neck)
   (You found it in an ossuary)
 P - a +6 ring of slaying (left hand)
   (You found it on level 4 of the Dungeon)
 R - an uncursed ring of see invisible
   (You found it on level 8 of the Dungeon)
 Z - the amulet of Dingef {Gourm *Drain rC+ rN++ Int+2}
   (You bought it in a shop on level 10 of the Dungeon)

   [amulet of the gourmand]

   It allows you to eat raw meat even when not hungry.
   It affects your intelligence (+2).
   It protects you from cold.
   It greatly protects you from negative energy.
   It causes draining when unequipped.
Wands
 a - a wand of disintegration (18)
   (You found it on level 10 of the Dungeon)
 x - a wand of flame (15)
   (You took it off Ijyb on level 4 of the Dungeon)
 A - a wand of enslavement (15)
   (You found it on level 5 of the Dungeon)
 C - a wand of scattershot (4)
   (You found it on level 9 of the Dungeon)
 T - a wand of paralysis (13)
   (You found it on level 9 of the Dungeon)
Scrolls
 f - a scroll of vulnerability {unknown}
 h - a scroll of noise {unknown}
 i - 4 scrolls of teleportation
 j - 4 scrolls of magic mapping
 k - 6 scrolls of remove curse {@r2}
 o - 4 scrolls of blinking
 p - 2 scrolls of fog
 z - 4 scrolls of fear
 F - a scroll of immolation
 J - a scroll of random uselessness {unknown}
 V - a scroll of summoning {unknown}
Potions
 e - 5 potions of agility
 m - 6 potions of curing {@q1}
 q - a potion of heal wounds
 s - 4 potions of might
 t - 3 potions of mutation {!q}
 w - 2 potions of lignification {unknown}
 E - 2 potions of haste {unknown}
 I - 2 potions of brilliance {unknown}
 K - a potion of berserk rage {unknown}
 L - 3 potions of flight
 M - a potion of magic {unknown}
Comestibles
 c - 29 rations


   Skills:
 + Level 16.4 Fighting
 - Level 9.9(12.9) Short Blades
 - Level 14.6(15.8) Long Blades
 - Level 4.4 Maces & Flails
 + Level 6.8 Armour
 - Level 3.6 Dodging
 * Level 7.8 Shields


You had 12 spell levels left.
You didn't know any spells.

Dungeon Overview and Level Annotations

Branches:
Dungeon (14/15)            Temple (0/1) D:6            Lair (0/6) D:11
    Orc (0/2) D:11         Vaults (0/5) D:13

Altars:
Ashenzari
Dithmenos
Fedhas
Gozag
Okawaru
Trog
Vehumet
Xom
Yredelemnul

Shops:
D:7 (   D:10 ***   D:13 }

Portals:
Trove: D:12 (give 22 scrolls of identify)


Innate Abilities, Weirdness & Mutations

You reflexively headbutt those who attack you in melee.
You have a pair of horns on your head.


Message History

You block the eight-headed hydra's attack.
The eight-headed hydra bites you!
The eight-headed hydra completely misses you.
You block the eight-headed hydra's attack.
The eight-headed hydra bites you!
* * * LOW HITPOINT WARNING * * *
The eight-headed hydra bites you but does no damage.
You block the eight-headed hydra's attack.
The eight-headed hydra bites you but does no damage.
You thump the eight-headed hydra! You headbutt the eight-headed hydra!
The eight-headed hydra is heavily wounded.
The eight-headed hydra bites you.
* * * LOW HITPOINT WARNING * * *
You block the eight-headed hydra's attack.
The eight-headed hydra bites you.
* * * LOW HITPOINT WARNING * * *
The eight-headed hydra bites you!
* * * LOW HITPOINT WARNING * * *
The eight-headed hydra bites you but does no damage.
The eight-headed hydra bites you.
* * * LOW HITPOINT WARNING * * *
The eight-headed hydra bites you but does no damage.
The eight-headed hydra misses you.
A red film seems to cover your vision as you go berserk!
You feel yourself moving faster!
You feel mighty!
You are feeling very hungry.
You block the eight-headed hydra's attack. x2
The eight-headed hydra bites you!
* * * LOW HITPOINT WARNING * * *
You block the eight-headed hydra's attack. x2
The eight-headed hydra bites you but does no damage.
The eight-headed hydra bites you!
* * * LOW HITPOINT WARNING * * *
The eight-headed hydra bites you!
* * * LOW HITPOINT WARNING * * *
All of the chunks of flesh in your inventory have rotted away.
You bludgeon the eight-headed hydra!!
The eight-headed hydra is severely wounded.
The eight-headed hydra misses you. The eight-headed hydra bites you.
* * * LOW HITPOINT WARNING * * *
The eight-headed hydra bites you but does no damage. x2
The eight-headed hydra bites you!
* * * LOW HITPOINT WARNING * * *
You block the eight-headed hydra's attack.
The eight-headed hydra bites you but does no damage. x2
You thump the eight-headed hydra! You headbutt the eight-headed hydra!
The eight-headed hydra is almost dead.
You block the eight-headed hydra's attack. x2
The eight-headed hydra bites you!
You die...

#...#.'.......#.......
#...#.#.......#.......
#.....#####...##'#####
#.........#...##......
#.....##..#....#......
#.....##..#....#......
#.....##..#....#......
#......[..###.##..##'#
#....@[######)##..+...
#....D.#...(......#.##
#......#..........#.#
#.###..#..........#.##
#......#########+##...
#......#####.........#
#......'...#.#######.#
#..###.#...#.# #.#
#..# #.#)..'.# #.#


You could see an eight-headed hydra.

Vanquished Creatures
  Kirke (D:12)
  Nessos (D:12)
  Azrael (D:12)
  Snorg (D:12)
  Harold (D:10)
  4 vault guards (D:12)
  A hydra (D:11)
  4 centaur warriors (D:13)
  2 two-headed ogres
  The ghost of Caerwyn the Nimble, a novice GnMo of Cheibriados (D:8)
  An unseen horror (D:14)
  A cyclops (D:13)
  4 ugly things
  4 manticores
  Maurice (D:10)
  2 gargoyles
  A centaur skeleton (D:12)
  A komodo dragon (shapeshifter) (D:13)
  2 trolls
  2 tengu conjurers (D:13)
  2 hornets (D:8)
  4 hippogriffs
  2 shadows
  2 wraiths
  A vampire (D:14)
  5 yaks (D:12)
  4 hogs (D:12)
  5 wyverns
  A steam dragon (D:11)
  A fire elemental (D:12)
  2 hungry ghosts
  3 wargs (D:11)
  4 soldier ants
  A water moccasin (D:10)
  5 hell hounds (D:12)
  8 orc warriors
  A black bear (D:8)
  4 ice beasts
  A phantom (D:5)
  5 sky beasts
  10 ogres
  11 centaurs
  A crocodile (D:11)
  A wyvern zombie (D:13)
  2 big kobolds (D:11)
  5 bullfrogs
  6 gnoll sergeants (D:11)
  5 killer bees (D:7)
  15 scorpions
  4 wights (D:13)
  5 howler monkeys
  A bullfrog zombie (D:12)
  8 crimson imps
  A quasit (D:11)
  4 centaur zombies
  3 human zombies (Ossuary)
  5 hounds
  2 jellies
  5 bullfrog skeletons
  9 orc priests
  Ijyb (D:4)
  Natasha (thrice) (D:2)
  4 iguanas
  8 orc wizards
  7 worker ants
  A big kobold zombie (Ossuary)
  2 hound zombies (D:6)
  2 hound skeletons
  4 mummies
  Robin (D:2)
  A howler monkey zombie (D:9)
  5 gnolls
  A howler monkey skeleton (D:7)
  13 adders
  3 scorpion zombies (Ossuary)
  2 shadow imps
  A white imp (D:4)
  An ooze (D:4)
  An adder zombie (D:5)
  3 worms
  A dart slug (D:3)
  5 leopard geckos
  55 orcs
  7 giant cockroaches
  13 hobgoblins
  10 jackals
  8 kobolds
  10 quokkas
  A ball python (D:2)
  8 bats
  5 frilled lizards
  A giant cockroach zombie (D:5)
  A gnoll zombie (Ossuary)
  12 goblins
  5 goblin zombies
  3 hobgoblin zombies
  4 kobold zombies (Ossuary)
  A quokka zombie (D:5)
  17 rats
431 creatures vanquished.

Notes
Turn   | Place    | Note
-------+----------+-------------------------------------------
     0 | D:1      | b5mith the Minotaur Berserker began the quest for the Orb.
     0 | D:1      | Reached XP level 1. HP: 19/19 MP: 0/0
   198 | D:1      | Reached skill level 4 in Fighting
   198 | D:1      | Reached XP level 2. HP: 18/27 MP: 1/1
   457 | D:1      | Reached ** piety under Trog
   793 | D:1      | Reached XP level 3. HP: 30/34 MP: 2/2
  1173 | D:2      | Reached skill level 1 in Short Blades
  1370 | D:2      | Noticed Natasha
  1378 | D:2      | Killed Natasha
  1378 | D:2      | Reached XP level 4. HP: 21/41 MP: 3/3
  1736 | D:2      | Noticed Natasha
  1742 | D:2      | Killed Natasha
  1742 | D:2      | Reached skill level 5 in Fighting
  1818 | D:2      | Noticed Natasha
  1821 | D:2      | Killed Natasha
  1852 | D:2      | Reached XP level 5. HP: 44/48 MP: 4/4
  1866 | D:2      | Noticed Robin
  1876 | D:2      | Reached *** piety under Trog
  1883 | D:2      | Killed Robin
  2554 | D:3      | Found an iron altar of Okawaru.
  2557 | D:3      | Found a shimmering altar of Xom.
  2557 | D:3      | Found a blossoming altar of Fedhas.
  2557 | D:3      | Found a radiant altar of Vehumet.
  2559 | D:3      | Found a basalt altar of Yredelemnul.
  2560 | D:3      | Found a bloodstained altar of Trog.
  2769 | D:3      | Received a gift from Trog
  2968 | D:4      | Reached XP level 6. HP: 57/57 MP: 5/5
  3400 | D:4      | Noticed Ijyb
  3407 | D:4      | Killed Ijyb
  3407 | D:4      | Reached skill level 6 in Fighting
  3407 | D:4      | Reached skill level 5 in Short Blades
  3630 | D:5      | Entered Level 5 of the Dungeon
  3770 | D:5      | Noticed a sky beast
  3779 | D:5      | Killed a sky beast
  3779 | D:5      | Reached XP level 7. HP: 57/64 MP: 6/6
  4387 | D:6      | Reached **** piety under Trog
  4387 | D:6      | Reached skill level 7 in Fighting
  4471 | D:6      | Reached XP level 8. HP: 64/73 MP: 7/7
  4486 | D:6      | Found a staircase to the Ecumenical Temple.
  4662 | D:6      | Reached skill level 8 in Fighting
  4753 | D:6      | Found a sand-covered staircase.
  4782 | Ossuary  | Entered an ossuary
  4880 | Ossuary  | Reached skill level 9 in Fighting
  4885 | Ossuary  | Reached ***** piety under Trog
  5261 | D:7      | Found an opulent altar of Gozag.
  5388 | D:7      | Found a shattered altar of Ashenzari.
  5436 | D:7      | Found a shimmering altar of Xom.
  5442 | D:7      | Reached XP level 9. HP: 85/85 MP: 8/8
  5604 | D:7      | Reached skill level 10 in Fighting
  5717 | D:7      | Found Oxuas's Weapon Boutique.
  5731 | D:7      | Bought the +1 falchion of Wu Jian's Regard {slice, Dex+3} for 250 gold pieces
  6269 | D:8      | Reached skill level 5 in Long Blades
  6362 | D:8      | Reached skill level 11 in Fighting
  6577 | D:8      | Reached XP level 10. HP: 86/96 MP: 9/9
  6879 | D:8      | Noticed Caerwyn's ghost (novice GnMo)
  6894 | D:8      | Killed Caerwyn's ghost
  7594 | D:9      | Noticed a two-headed ogre
  7605 | D:9      | Killed a two-headed ogre
  7605 | D:9      | Reached skill level 12 in Fighting
  8114 | D:9      | Reached skill level 10 in Long Blades
  8155 | D:10     | Entered Level 10 of the Dungeon
  8230 | D:10     | Noticed a gargoyle
  8243 | D:10     | Killed a gargoyle
  8320 | D:10     | Found Ycanis's Assorted Antiques.
  8358 | D:10     | Received a gift from Trog
  8400 | D:10     | Bought a slimy zirconium amulet for 145 gold pieces
  8401 | D:10     | Identified the amulet of Dingef {Gourm *Drain rC+ rN++ Int+2} (You bought it in a shop on level 10 of the Dungeon)
  8432 | D:10     | Noticed Harold
  8442 | D:10     | Killed Harold
  8442 | D:10     | Reached XP level 11. HP: 94/105 MP: 3/10
  8475 | D:10     | Found Xuasted's General Store.
  8531 | D:10     | Noticed Maurice
  8549 | D:10     | Killed Maurice
  8741 | D:10     | Found Xodat's General Store.
  8849 | D:10     | Found a shadowy altar of Dithmenos.
  9073 | D:11     | Reached skill level 13 in Fighting
  9267 | D:11     | Noticed a six-headed hydra
  9273 | D:11     | Killed a six-headed hydra
  9610 | D:11     | Found a staircase to the Lair.
  9694 | D:11     | Noticed a purple ugly thing
  9700 | D:11     | Killed a purple ugly thing
 10003 | D:11     | Found a staircase to the Orcish Mines.
 10337 | D:11     | Received a gift from Trog
 10604 | D:11     | Reached skill level 14 in Fighting
 10807 | D:12     | Found a portal to a secret trove of treasure.
 10856 | D:12     | Noticed Azrael
 10975 | D:12     | Killed Azrael
 10977 | D:12     | Received a gift from Trog
 11024 | D:12     | Reached XP level 12. HP: 106/118 MP: 3/11
 11252 | D:12     | Noticed Kirke
 11276 | D:12     | Killed Kirke
 11276 | D:12     | Reached skill level 15 in Fighting
 11621 | D:12     | Noticed Snorg
 11631 | D:12     | Killed Snorg
 11631 | D:12     | Received a gift from Trog
 11868 | D:12     | Noticed Nessos
 11881 | D:12     | Killed Nessos
 12464 | D:13     | Noticed a centaur warrior
 12480 | D:13     | Killed a centaur warrior
 12480 | D:13     | Reached skill level 1 in Shields
 12779 | D:13     | Noticed a centaur warrior
 12788 | D:13     | Killed a centaur warrior
 12788 | D:13     | Reached skill level 16 in Fighting
 12788 | D:13     | Reached skill level 5 in Armour
 13133 | D:13     | Found a gate to the Vaults.
 13133 | D:13     | Noticed a vault guard
 13133 | D:13     | Noticed a vault guard
 13133 | D:13     | Noticed a vault guard
 13133 | D:13     | Noticed a centaur warrior
 13133 | D:13     | Noticed a vault guard
 13169 | D:12     | Killed a vault guard
 13179 | D:12     | Killed a vault guard
 13179 | D:12     | Reached skill level 5 in Shields
 13193 | D:12     | Killed a vault guard
 13193 | D:12     | Reached XP level 13. HP: 66/128 MP: 4/12
 14555 | D:13     | Found Asua's Gadget Emporium.
 14852 | D:13     | HP: 8/195 [eight-headed hydra (14)]
 14853 | D:13     | Slain by an eight-headed hydra

Vault maps used:
D:1:      wheals_arrival_shading
D:2:      minmay_split_cup_small, uniq_robin, uniq_natasha
D:3:      grunt_temple_overflow_open, serial_bayou_pond_c
D:4:      kennysheep_big_flooded_room, first_ration, minmay_fire_ice_demons,
          uniq_ijyb
D:6:      minmay_temple_entry_hall, nicolae_ossuary_entry_giza
D:7:      minmay_klotski, nicolae_ashenzari_panopticon, lemuel_crystal_altar,
          serial_shops, nicolae_shop_stone, basic_altar
D:8:      hangedman_pestilent_swarm
D:10:     serial_shops, shop, nicolae_shop_crystal, nicolae_shop_trees,
          grunt_dithmenos_smoke_and_mirrors, uniq_maurice, uniq_harold
D:11:     erik_lair_orcish_takeover, kennysheep_orc_monster_closet_entryway,
          patterned_corridor
D:12:     enter_trove_1, uniq_azrael, uniq_nessos, uniq_snorg, uniq_kirke
D:13:     lightli_vaults_fourway_checkpoint, serial_shops,
          nicolae_shop_window_shopping
D:14:     minmay_curled_crystal, uniq_sonja
Ossuary:  ossuary_minmay_scorpions

Skill      XL: |  1  2  3  4  5  6  7  8  9 10 11 12 13 |
---------------+----------------------------------------+-----
Fighting       | 4 5 6 7 9 11 12 14 16 | 16.4
Maces & Flails | 4 |  4.4
Short Blades   | 2 3 4 5 7 9 |  9.9
Long Blades    | 7 11 13 14 | 14.6
Armour         | 5 6 |  6.8
Dodging        | 3 |  3.6
Shields        | 5 7 |  7.8

Action                   |  1- 3 |  4- 6 |  7- 9 | 10-12 | 13-15 || total
-------------------------+-------+-------+-------+-------+-------++-------
Melee: Mace              |    45 |       |       |     4 |     4 ||    53
       Headbutt          |     8 |    26 |    53 |   153 |    35 ||   275
       Short sword       |    30 |   127 |   148 |       |       ||   305
       Falchion          |       |       |    45 |   111 |       ||   156
       Long sword        |       |       |       |   350 |   120 ||   470
 Fire: Hunting sling     |       |       |       |     4 |       ||     4
Invok: Berserk           |       |       |       |     3 |     2 ||     5
Evoke: Wand              |       |       |       |     1 |       ||     1
  Use: Scroll            |       |     6 |    10 |     7 |     5 ||    28
       Potion            |       |       |       |     2 |       ||     2
  Eat: Chunk             |     1 |     8 |     5 |    24 |     5 ||    43
       Ration            |       |       |     1 |       |     1 ||     2
Armor: Animal skin       |    13 |     8 |       |       |       ||    21
       Ring mail         |       |    25 |    56 |   109 |    43 ||   233
Dodge: Dodged            |    53 |    48 |    83 |   236 |    43 ||   463
Block: Shield            |       |       |       |    20 |    60 ||    80
       Buckler           |       |       |       |     7 |       ||     7
       Rpst.: Falchion   |       |       |     4 |     9 |       ||    13
       Long sword        |       |       |       |    41 |     8 ||    49

Table legend:
 A = Spawn XP
 B = Non-spawn XP
 C = Spawn XP percentage of total XP
 D = Spawn monster count
 E = Non-spawn monster count
 F = Spawn count percentage of total count
 G = Total turns spent on level
                    A         B        C        D         E        F      G
               +---------+---------+-------+---------+---------+-------+---------
         Total |       0 |   47345 |   0.0 |       0 |     431 |   0.0 | 14853
               +---------+---------+-------+---------+---------+-------+---------
           D:1 |       0 |      46 |   0.0 |       0 |      27 |   0.0 |  1017
           D:2 |       0 |     212 |   0.0 |       0 |      39 |   0.0 |  1142
           D:3 |       0 |     104 |   0.0 |       0 |      28 |   0.0 |   647
           D:4 |       0 |     220 |   0.0 |       0 |       8 |   0.0 |   824
           D:5 |       0 |     477 |   0.0 |       0 |      16 |   0.0 |   755
           D:6 |       0 |     659 |   0.0 |       0 |      13 |   0.0 |   477
           D:7 |       0 |    1143 |   0.0 |       0 |      20 |   0.0 |   820
           D:8 |       0 |    2641 |   0.0 |       0 |      16 |   0.0 |  1024
           D:9 |       0 |    2398 |   0.0 |       0 |      30 |   0.0 |  1057
          D:10 |       0 |    3838 |   0.0 |       0 |      35 |   0.0 |   795
          D:11 |       0 |    5256 |   0.0 |       0 |      46 |   0.0 |  2196
          D:12 |       0 |   17148 |   0.0 |       0 |      58 |   0.0 |  1892
          D:13 |       0 |   10057 |   0.0 |       0 |      56 |   0.0 |  1642
          D:14 |       0 |    2193 |   0.0 |       0 |       7 |   0.0 |   173
       Ossuary |       0 |     953 |   0.0 |       0 |      32 |   0.0 |   392
               +---------+---------+-------+---------+---------+-------+---------
